 Dungeon Crawl Stone Soup version 0.24.1 (webtiles) character file.

Game seed: 15956905148943216353, levelgen mode: deterministic

55 Descartes the Magician (level 3, 0/19 HPs)
             Began as a Deep Elf Air Elementalist on Mar 27, 2020.
             Slain by a hobgoblin
             ... wielding a +0 club
              (6 damage)
             ... on level 1 of the Dungeon.
             The game lasted 00:05:35 (1631 turns).

Descartes the Magician (Deep Elf Air Elementalist)  Turns: 1631, Time: 00:05:36

Health: 0/19       AC:  2    Str:  5    XL:     3   Next: 67%
Magic:  7/10       EV: 13    Int: 20    God:
Gold:   71         SH:  0    Dex: 15    Spells: 8/9 levels left

rFire    . . .     SeeInvis .   (no weapon)
rCold    . . .     Gourm    .   (no shield)
rNeg     . . .     Faith    .   a - +0 robe
rPois    .         Spirit   .   (no helmet)
rElec    .         Reflect  .   (no cloak)
rCorr    .         Harm     .   (no gloves)
MR       .....                  (no boots)
Stlth    ++........             (no amulet)
HPRegen  0.06/turn              (no ring)
MPRegen  0.12/turn              (no ring)

@: no status effects
A: no striking features
a: no special abilities


You were on level 1 of the Dungeon.
You were very hungry.

You visited 1 branch of the dungeon, and saw 2 of its levels.

You collected 71 gold pieces.

Inventory:

Missiles
 k - 23 sling bullets
 l - 37 stones (quivered)
Armour
 a - a +0 robe (worn)
Scrolls
 f - 2 scrolls of identify {unknown}
 g - a scroll of immolation {unknown}
 h - a scroll of enchant weapon {unknown}
 j - a scroll of remove curse {unknown}
Potions
 b - a potion of mutation {unknown}
 d - a potion of lignification {unknown}
 e - a potion of cancellation
 m - a potion of curing {unknown}
Comestibles
 c - 3 rations


   Skills:
 + Level 3.0 Dodging
 + Level 3.2 Stealth
 + Level 3.5 Spellcasting
 + Level 2.0 Conjurations
 + Level 3.3 Air Magic


You had 8 spell levels left.
You knew the following spells:

 Your Spells              Type           Power        Failure   Level  Hunger
a - Shock                 Conj/Air       ##..         4%          1    None

Your spell library contained the following spells:

 Spells                   Type           Power        Failure   Level  Hunger
 Swiftness                Chrm/Air       ##......     10%         2    ##.....
 Static Discharge         Conj/Air       ##......     13%         3    ###....
 Airstrike                Air            ###.......   32%         4    ####...
 Lightning Bolt           Conj/Air       ##........   77%         5    ######.


Dungeon Overview and Level Annotations

Branches:
Dungeon (2/15)

Altars:
The Shining One


Message History

Casting: Shock (safe; 4% risk of failure)
Confirm with . or Enter, or press ? or * to list all spells.
Aiming: Shock (safe; 4% risk of failure)
Press: ? - help, Shift-Dir - straight line, f - frilled lizard
Aim: a frilled lizard The zap hits the frilled lizard.
You kill the frilled lizard!
The zap hits the hobgoblin but does no damage.
The zap misses the worm.
Casting: Shock (safe; 4% risk of failure)
Confirm with . or Enter, or press ? or * to list all spells.
Aiming: Shock (safe; 4% risk of failure)
Press: ? - help, Shift-Dir - straight line, f - hobgoblin
Aim: a hobgoblin, wielding a +0 club The zap hits the hobgoblin.
The hobgoblin is severely wounded.
The zap hits the worm.
The worm is moderately wounded.
The hobgoblin hits you with a +0 club.
You die...

....≈≈≈'...##'###'##...+≈≈≈......
....≈≈≈'...#.......#...+≈≈≈...#.#
....≈≈≈#'#'#.#####.###'#≈≈≈.....#
.....≈≈≈≈#...#...#...'≈≈≈≈≈.....#
...⌠..≈≈)'.⌠.'.<.###.#≈≈≈≈≈...#.#
...⌠..≈≈≈'.⌠.'...###.#≈≈≈≈≈...#..
.....≈≈≈≈#...#...#...+≈≈≈≈≈......
....≈≈≈#'###.#####.###'#≈≈≈....##
....≈≈≈'...'w..g@..'...'≈≈≈....#
....≈≈≈'>..##+###'##...'≈≈≈....#
....≈≈≈#+#'#≈≈≈≈≈≈≈#'#+#≈≈≈....#
....≈≈≈≈≈≈≈≈≈≈≈≈≈≈≈≈≈≈≈≈≈≈≈....#
....≈≈≈≈≈≈≈≈≈≈≈≈≈≈≈≈≈≈≈≈≈≈≈...##
....≈≈≈≈≈≈≈≈≈≈≈≈≈≈≈≈≈≈≈≈≈≈≈...#
............................###
##..........................#
#......................#####


You could see a worm and a hobgoblin.

Vanquished Creatures
  An adder (D:1)
  An ooze (D:1)
  2 dart slugs (D:1)
  A leopard gecko (D:1)
  3 giant cockroaches (D:1)
  5 goblins (D:1)
  2 hobgoblins (D:1)
  5 jackals (D:1)
  6 kobolds (D:1)
  3 bats (D:1)
  2 frilled lizards (D:1)
  3 rats (D:1)
34 creatures vanquished.

Notes
Turn   | Place    | Note
-------+----------+-------------------------------------------
     0 | D:1      | Descartes the Deep Elf Air Elementalist began the quest for
                  | the Orb.
     0 | D:1      | Reached XP level 1. HP: 10/10 MP: 6/6
   232 | D:1      | Reached XP level 2. HP: 15/15 MP: 0/8
   656 | D:1      | Found a glowing golden altar of the Shining One.
   796 | D:1      | Reached XP level 3. HP: 19/19 MP: 4/9
  1631 | D:1      | Slain by a hobgoblin

Levels and vault maps discovered:
D:1:      dpeg_arrival_castle, layout_basic, hex_medium, tso_metal_star
D:2:      layout_basic, chequers_ecumenical_altar_simple_redux,
          nemelex_xobeh_ov_fountains_minmay

Skill      XL: |  1  2  3 |
---------------+----------+-----
Stealth        | 3 |  3.2
Dodging        | 3 |  3.0
Conjurations   | 2 |  2.0
Spellcasting   | |  3.5
Air Magic      | |  3.3

Action                   || total
-------------------------++-------
Melee: Unarmed           ||    13
 Cast: Shock             ||    72
  Use: Potion            ||     2
  Eat: Chunk             ||     1
Armor: Robe              ||     5
Dodge: Dodged            ||    22
